TOP OF THE 1ST |
Key West Barracudas batting - Pitching for New Hampshire Fisher Cats : LHP Kent Robinson
|
Pitching: LHP Kent Robinson
|
|
Batting: SHB Rodney Birling
|
0-0: Called Strike 0-1: Ground out 6-3 (Groundball, 6)
|
Batting: SHB Patrick Larson
|
0-0: Ground out 4-3 (Groundball, 4)
|
Batting: RHB Dave Nelson
|
0-0: DOUBLE (Line Drive, 89D)
|
Batting: RHB Carlos Miranda
|
0-0: Ball 1-0: Ball 2-0: Foul Ball, location: 2F 2-1: Called Strike 2-2: Ball 3-2: Foul Ball, location: 2F 3-2: Strikes out swinging
|
Top of the 1st over - 0 run(s), 1 hit(s), 0 error(s), 1 left on base; Key West 0 - New Hampshire 0 |
BOTTOM OF THE 1ST |
New Hampshire Fisher Cats batting - Pitching for Key West Barracudas : RHP Cade Baird
|
Pitching: RHP Cade Baird
|
|
Batting: RHB Jim Tracy
|
0-0: Ball 1-0: Called Strike 1-1: Ball 2-1: Foul Ball, location: 2F 2-2: Fly out, F3 (Popup, 3F)
|
Batting: LHB Gustavo Lozano
|
0-0: Ball 1-0: Ball 2-0: Ball 3-0: Base on Balls
|
Batting: RHB José Hernández
|
0-0: Called Strike 0-1: Called Strike 0-2: Grounds into double play, 4-6-3 (Groundball, 4)
|
Bottom of the 1st over - 0 run(s), 0 hit(s), 0 error(s), 0 left on base; Key West 0 - New Hampshire 0 |
TOP OF THE 2ND |
Key West Barracudas batting - Pitching for New Hampshire Fisher Cats : LHP Kent Robinson
|
Batting: RHB Luther Stoffels
|
0-0: Ball 1-0: Swinging Strike 1-1: Swinging Strike 1-2: Foul Ball, location: 2F 1-2: Ball 2-2: Ball 3-2: Base on Balls
|
Batting: RHB Kenny Cole
|
0-0: Ball 1-0: Called Strike 1-1: Swinging Strike 1-2: Ball 2-2: Strikes out swinging
|
Batting: LHB Jake Wells
|
0-0: Fly out, F8 (Flyball, 8LM)
|
Batting: RHB Alfredo Pineda
|
0-0: Ball Luther Stoffels steals 2nd base 1-0: Ball 2-0: Ball 3-0: Called Strike 3-1: Ground out 6-3 (Groundball, 6)
|
Top of the 2nd over - 0 run(s), 0 hit(s), 0 error(s), 1 left on base; Key West 0 - New Hampshire 0 |
BOTTOM OF THE 2ND |
New Hampshire Fisher Cats batting - Pitching for Key West Barracudas : RHP Cade Baird
|
Batting: RHB Anthony Hezell
|
0-0: Called Strike 0-1: Foul Ball, location: 2F 0-2: Foul Ball, location: 2F 0-2: Ball 1-2: Strikes out swinging
|
Batting: RHB Keith Ford
|
0-0: Ball 1-0: Fly out, F5 (Line Drive, 56)
|
Batting: RHB Roberto Peña
|
0-0: Ground out 5-3 (Groundball, 5L)
|
Bottom of the 2nd over - 0 run(s), 0 hit(s), 0 error(s), 0 left on base; Key West 0 - New Hampshire 0 |
TOP OF THE 3RD |
Key West Barracudas batting - Pitching for New Hampshire Fisher Cats : LHP Kent Robinson
|
Batting: RHB Dan Craft
|
0-0: Called Strike 0-1: Fly out, F4 (Popup, 34)
|
Batting: SHB Rodney Birling
|
0-0: Ball 1-0: Ball 2-0: Ground out U3 (Groundball, 3)
|
Batting: SHB Patrick Larson
|
0-0: Called Strike 0-1: Ball 1-1: Fly out, F8 (Line Drive, 8RM)
|
Top of the 3rd over - 0 run(s), 0 hit(s), 0 error(s), 0 left on base; Key West 0 - New Hampshire 0 |
BOTTOM OF THE 3RD |
New Hampshire Fisher Cats batting - Pitching for Key West Barracudas : RHP Cade Baird
|
Batting: RHB Phil Matthews
|
0-0: Called Strike 0-1: Ball 1-1: Called Strike 1-2: Foul Ball, location: 2F 1-2: Strikes out swinging
|
Batting: RHB Matt Silver
|
0-0: Ball 1-0: Ground out 5-3 (Groundball, 56)
|
Batting: RHB Tim Robertson
|
0-0: Foul Ball, location: 2F 0-1: Called Strike 0-2: Strikes out looking
|
Bottom of the 3rd over - 0 run(s), 0 hit(s), 0 error(s), 0 left on base; Key West 0 - New Hampshire 0 |
TOP OF THE 4TH |
Key West Barracudas batting - Pitching for New Hampshire Fisher Cats : LHP Kent Robinson
|
Batting: RHB Dave Nelson
|
0-0: Foul Ball, location: 2F 0-1: Ball 1-1: Ball 2-1: Swinging Strike 2-2: Strikes out looking
|
Batting: RHB Carlos Miranda
|
0-0: Ball 1-0: Ball 2-0: Ball 3-0: Called Strike 3-1: Called Strike 3-2: Foul Ball, location: 2F 3-2: Base on Balls
|
Batting: RHB Luther Stoffels
|
0-0: Called Strike 0-1: Foul Ball, location: 2F 0-2: Fielders Choice at 2nd, 6-4 (Groundball, 56)
|
Batting: RHB Kenny Cole
|
0-0: Ball 1-0: Called Strike 1-1: Swinging Strike 1-2: Foul Ball, location: 2F 1-2: Strikes out looking
|
Top of the 4th over - 0 run(s), 0 hit(s), 0 error(s), 1 left on base; Key West 0 - New Hampshire 0 |
BOTTOM OF THE 4TH |
New Hampshire Fisher Cats batting - Pitching for Key West Barracudas : RHP Cade Baird
|
Batting: RHB Jim Tracy
|
0-0: Fly out, F8 (Flyball, 8LXD)
|
Batting: LHB Gustavo Lozano
|
0-0: Ball 1-0: Ball 2-0: Ball 3-0: Called Strike 3-1: Foul Ball, location: 2F 3-2: Base on Balls
|
Batting: RHB José Hernández
|
0-0: Foul Ball, location: 2F 0-1: Ball 1-1: Fly out, F9 (Flyball, 9S)
|
Batting: RHB Anthony Hezell
|
0-0: Ground out 4-3 (Groundball, 4)
|
Bottom of the 4th over - 0 run(s), 0 hit(s), 0 error(s), 1 left on base; Key West 0 - New Hampshire 0 |
TOP OF THE 5TH |
Key West Barracudas batting - Pitching for New Hampshire Fisher Cats : LHP Kent Robinson
|
Batting: LHB Jake Wells
|
0-0: Called Strike 0-1: Ground out U3 (Groundball, 3S)
|
Batting: RHB Alfredo Pineda
|
0-0: Fly out, F3 (Popup, 23F)
|
Batting: RHB Dan Craft
|
0-0: Called Strike 0-1: Ball 1-1: Called Strike 1-2: Ball 2-2: Ball 3-2: Foul Ball, location: 2F 3-2: SINGLE (Flyball, 89S)
|
Batting: SHB Rodney Birling
|
0-0: Called Strike 0-1: Foul Ball, location: 2F 0-2: Ball 1-2: DOUBLE (Flyball, 78M) Dan Craft to third Runner from 3rd tries for Home, SAFE, no throw or cutoff
|
Batting: SHB Patrick Larson
|
0-0: Ground out 6-3 (Groundball, 6)
|
Top of the 5th over - 1 run(s), 2 hit(s), 0 error(s), 1 left on base; Key West 1 - New Hampshire 0 |
BOTTOM OF THE 5TH |
New Hampshire Fisher Cats batting - Pitching for Key West Barracudas : RHP Cade Baird
|
Batting: RHB Keith Ford
|
0-0: Foul Ball, location: 2F 0-1: Ball 1-1: Ball 2-1: Called Strike 2-2: Ground out 5-3 (Groundball, 56S)
|
Batting: RHB Roberto Peña
|
0-0: Called Strike 0-1: Ball 1-1: Foul Ball, location: 2F 1-2: Fly out, F8 (Flyball, 8RXD)
|
Batting: RHB Phil Matthews
|
0-0: Ball 1-0: Called Strike 1-1: Called Strike 1-2: Foul Ball, location: 2F 1-2: Ball 2-2: Fly out, F9 (Flyball, 89M)
|
Bottom of the 5th over - 0 run(s), 0 hit(s), 0 error(s), 0 left on base; Key West 1 - New Hampshire 0 |
TOP OF THE 6TH |
Key West Barracudas batting - Pitching for New Hampshire Fisher Cats : LHP Kent Robinson
|
Batting: RHB Dave Nelson
|
0-0: Called Strike 0-1: Foul Ball, location: 2F 0-2: Ball 1-2: Ball 2-2: Strikes out swinging
|
Batting: RHB Carlos Miranda
|
0-0: Foul Ball, location: 2F 0-1: Ball 1-1: Swinging Strike 1-2: Ball 2-2: Ball 3-2: Ground out 4-3 (Groundball, 4)
|
Batting: RHB Luther Stoffels
|
0-0: Foul Ball, location: 2F 0-1: Ball 1-1: Swinging Strike 1-2: Strikes out swinging
|
Top of the 6th over - 0 run(s), 0 hit(s), 0 error(s), 0 left on base; Key West 1 - New Hampshire 0 |
BOTTOM OF THE 6TH |
New Hampshire Fisher Cats batting - Pitching for Key West Barracudas : RHP Cade Baird
|
Batting: RHB Matt Silver
|
0-0: Foul Ball, location: 2F 0-1: Fly out, F3 (Popup, 3SF)
|
Batting: RHB Tim Robertson
|
0-0: Called Strike 0-1: Swinging Strike 0-2: Ball 1-2: Ground out 4-3 (Groundball, 4)
|
Batting: RHB Jim Tracy
|
0-0: Ball 1-0: Called Strike 1-1: Called Strike 1-2: Ball 2-2: Ball 3-2: Base on Balls
|
Batting: LHB Gustavo Lozano
|
0-0: Ball 1-0: Ground out U3 (Groundball, 3)
|
Bottom of the 6th over - 0 run(s), 0 hit(s), 0 error(s), 1 left on base; Key West 1 - New Hampshire 0 |
TOP OF THE 7TH |
Key West Barracudas batting - Pitching for New Hampshire Fisher Cats : LHP Kent Robinson
|
Batting: RHB Kenny Cole
|
0-0: Swinging Strike 0-1: Ball 1-1: Ground out 6-3 (Groundball, 6M)
|
Batting: LHB Jake Wells
|
0-0: Ball 1-0: Ball 2-0: SINGLE (Groundball, 34D)
|
Batting: RHB Alfredo Pineda
|
0-0: Called Strike Jake Wells steals 2nd base 0-1: Foul Ball, location: 2F 0-2: Fly out, F8 (Flyball, 8RM)
|
Pitching: RHP Ernesto Rivera
|
|
Pinch Hitting: LHB Arturo López
|
0-0: Foul Ball, location: 2F 0-1: Called Strike 0-2: Ball 1-2: DOUBLE (Line Drive, 89D) Jake Wells scores
|
Batting: SHB Rodney Birling
|
0-0: Ball 1-0: Called Strike 1-1: Foul Ball, location: 2F 1-2: Strikes out swinging
|
Top of the 7th over - 1 run(s), 2 hit(s), 0 error(s), 1 left on base; Key West 2 - New Hampshire 0 |
BOTTOM OF THE 7TH |
New Hampshire Fisher Cats batting - Pitching for Key West Barracudas : RHP Cade Baird
|
Now at 1B: Arturo López
|
|
Batting: RHB José Hernández
|
0-0: Called Strike 0-1: Foul Ball, location: 2F 0-2: Ball 1-2: Ball 2-2: Fly out, F9 (Flyball, 89M)
|
Batting: RHB Anthony Hezell
|
0-0: Foul Ball, location: 2F 0-1: Foul Ball, location: 2F 0-2: Ball 1-2: Ground out 6-3 (Groundball, 6M)
|
Batting: RHB Keith Ford
|
0-0: Ball 1-0: Ball 2-0: Ball 3-0: Base on Balls
|
Batting: RHB Roberto Peña
|
0-0: Called Strike 0-1: Ball 1-1: Ball 2-1: Swinging Strike 2-2: Foul Ball, location: 2F 2-2: Foul Ball, location: 2F 2-2: Ball 3-2: Strikes out looking
|
Bottom of the 7th over - 0 run(s), 0 hit(s), 0 error(s), 1 left on base; Key West 2 - New Hampshire 0 |
TOP OF THE 8TH |
Key West Barracudas batting - Pitching for New Hampshire Fisher Cats : RHP Ernesto Rivera
|
Batting: SHB Patrick Larson
|
0-0: Ball Single, Error in OF, E9, batter to second base
|
Batting: RHB Dave Nelson
|
0-0: Called Strike 0-1: Foul Ball, location: 2F 0-2: Ball 1-2: Foul Ball, location: 2F 1-2: Strikes out looking
|
Batting: RHB Carlos Miranda
|
0-0: Called Strike 0-1: Foul Ball, location: 2F 0-2: Ball 1-2: Strikes out swinging
|
Batting: RHB Luther Stoffels
|
0-0: Called Strike 0-1: Ball 1-1: Ball 2-1: Ball 3-1: Base on Balls
|
Batting: RHB Kenny Cole
|
0-0: Swinging Strike 0-1: Ball 1-1: Called Strike 1-2: Foul Ball, location: 2F 1-2: Ball 2-2: Foul Ball, location: 2F 2-2: Ball 3-2: Strikes out swinging
|
Top of the 8th over - 0 run(s), 1 hit(s), 1 error(s), 2 left on base; Key West 2 - New Hampshire 0 |
BOTTOM OF THE 8TH |
New Hampshire Fisher Cats batting - Pitching for Key West Barracudas : RHP Cade Baird
|
Batting: RHB Phil Matthews
|
0-0: Ground out 6-3 (Groundball, 6)
|
Batting: RHB Matt Silver
|
0-0: Ball 1-0: Foul Ball, location: 2F 1-1: Ball 2-1: Ground out 4-3 (Groundball, 4M)
|
Batting: RHB Tim Robertson
|
0-0: Ball 1-0: Ball 2-0: Ball 3-0: Base on Balls
|
Batting: RHB Jim Tracy
|
0-0: Ball 1-0: Called Strike 1-1: Fly out, F4 (Popup, 34D)
|
Bottom of the 8th over - 0 run(s), 0 hit(s), 0 error(s), 1 left on base; Key West 2 - New Hampshire 0 |
TOP OF THE 9TH |
Key West Barracudas batting - Pitching for New Hampshire Fisher Cats : RHP Ernesto Rivera
|
Pitching: LHP Juan Arce
|
|
Batting: LHB Jake Wells
|
0-0: Ball 1-0: DOUBLE (Line Drive, 9LM)
|
Batting: RHB Alfredo Pineda
|
0-0: Swinging Strike 0-1: Ball 1-1: Ball 2-1: Foul Ball, location: 2F 2-2: Ball 3-2: Foul Ball, location: 2F 3-2: Base on Balls
|
Pitching: LHP Carlos Berru
|
|
Batting: LHB Arturo López
|
0-0: Called Strike 0-1: Sac Bunt - play at first, batter OUT! 2-3 Jake Wells to third Alfredo Pineda to second
|
Pinch Hitting: RHB Zander Tremblett
|
0-0: Called Strike 0-1: Foul Ball, location: 2F 0-2: Ball 1-2: Foul Ball, location: 2F 1-2: Ball 2-2: Foul Ball, location: 2F 2-2: Strikes out swinging
|
Batting: SHB Patrick Larson
|
0-0: Foul Ball, location: 2F 0-1: Foul Ball, location: 2F 0-2: Ball 1-2: Ball 2-2: TRIPLE (Line Drive, 9LM) Jake Wells scores Alfredo Pineda scores
|
Batting: RHB Dave Nelson
|
0-0: Ball 1-0: Foul Ball, location: 2F 1-1: Ground out 6-3 (Groundball, 6)
|
Top of the 9th over - 2 run(s), 2 hit(s), 0 error(s), 1 left on base; Key West 4 - New Hampshire 0 |
BOTTOM OF THE 9TH |
New Hampshire Fisher Cats batting - Pitching for Key West Barracudas : RHP Cade Baird
|
Now at SS: Ramiro Gámez
|
|
Batting: LHB Gustavo Lozano
|
0-0: Ground out 4-3 (Groundball, 4)
|
Batting: RHB José Hernández
|
0-0: Called Strike 0-1: Foul Ball, location: 2F 0-2: Ball 1-2: Reached on error, E6 (Groundball, 6)
|
Batting: RHB Anthony Hezell
|
0-0: Ball 1-0: Ball 2-0: Called Strike 2-1: Fielders Choice at 2nd, 5-4 (Groundball, 5D)
|
Batting: RHB Keith Ford
|
0-0: Ball 1-0: Ball 2-0: Ball 3-0: Called Strike 3-1: Ground out 4-3 (Groundball, 4)
|
Bottom of the 9th over - 0 run(s), 0 hit(s), 1 error(s), 1 left on base; Key West 4 - New Hampshire 0 |
|